 Dungeon Crawl Stone Soup version 0.19-a0-518-g626ee58 (webtiles) character file.

17 GlassEater the Chiller (level 2, 0/19 HPs)
             Began as a Merfolk Ice Elementalist on June 7, 2016.
             Slain by Terence
             ... wielding a +0 falchion
              (5 damage)
             ... on level 2 of the Dungeon.
             The game lasted 00:02:32 (1141 turns).

GlassEater the Chiller (Merfolk Ice Elementalist)   Turns: 1141, Time: 00:02:33

Health: 0/19       AC:  2    Str:  8    XL:     2   Next: 62%
Magic:  2/5        EV: 13    Int: 14    God:
Gold:   106        SH:  0    Dex: 14    Spells: 1 memorised, 4 levels left

rFire  . . .     SeeInvis .     q - +0 rapier
rCold  + . .     Gourm    .     a - +0 robe
rNeg   . . .     Faith    .     (no shield)
rPois  +         Spirit   .     (no helmet)
rElec  .         Dismiss  .     (no cloak)
rCorr  .         Reflect  .     (no gloves)
SustAt .         Harm     .     (no boots)
MR     .....                    (no amulet)
Stlth  ++........               p - ring of poison resistance
                                o - ring of protection from cold

@: not resistant to hostile enchantments, unstealthy
A: change form in water, swift swim
a: no special abilities


You were on level 2 of the Dungeon.
You were very hungry.

You visited 1 branch of the dungeon, and saw 2 of its levels.

You collected 106 gold pieces.

Inventory:

Hand Weapons
 q - a +0 rapier (weapon)
Armour
 a - a +0 robe (worn)
Jewellery
 o - a ring of protection from cold (left hand)
 p - a ring of poison resistance (right hand)
Wands
 m - a wand of lightning (10/15)
Scrolls
 d - a scroll of amnesia
 j - a scroll of remove curse
Potions
 e - a potion of berserk rage {unknown}
 n - a potion of lignification {unknown}
Books
 b - a book of Frost

   Spells                             Type                      Level
   a - Freeze                         Ice                          1
   b - Throw Frost                    Conjuration/Ice              2
   c - Ozocubu's Armour               Charms/Ice                   3
   d - Throw Icicle                   Conjuration/Ice              4
   e - Summon Ice Beast               Ice/Summoning                4
Comestibles
 c - 2 bread rations
 f - a royal jelly
 g - 11 fruits
 l - a slice of pizza


   Skills:
 * Level 3.1 Dodging
 + Level 2.2 Stealth
 + Level 2.2 Spellcasting
   Level 0.7 Conjurations
 * Level 3.8 Ice Magic


You had 4 spell levels left.
You knew the following spells:

 Your Spells              Type           Power        Failure   Level  Hunger
a - Freeze                Ice            ##..         6%          1    #......


Dungeon Overview and Level Annotations

Branches:
Dungeon (2/15)

Altars:

Annotations:
D:2 Terence


Message History

* * * LOW HITPOINT WARNING * * *
Unknown command.
Sorry, you're not good enough to have a special ability.
Casting: Freeze
Confirm with . or Enter, or press ? or * to list all spells.
Aiming: Freeze
Press: ? - help, Shift-Dir - straight line, f/p - Terence
Aim: Terence, wielding a falchion and wearing a chain mail (heavily wounded)
You freeze Terence.
Terence is severely wounded.
Terence misses you.
Casting: Freeze
Confirm with . or Enter, or press ? or * to list all spells.
Aiming: Freeze
Press: ? - help, Shift-Dir - straight line, f/p - Terence
Aim: Terence, wielding a falchion and wearing a chain mail (severely wounded)
You freeze Terence.
Terence is severely wounded.
Terence hits you with a falchion.
You die...

#################
#...............#
#.#############.##
#.# #.....# #.#
######.....# #.#
#.......####
#.#***#....@..#
######.#,.......@.(#
.....#.#.###.......#
***** ** .....#.#.#
#....%..# *,,,***
**, .....#.#.#
#.(.....#
*,,,+,****,,
.....#.#.# #.......#
*,,,**,,*,*,
.....#.#.# #.....###
********,*,,
...).#.#.# ####.##
***** .....#.#.# *,*


You could see Terence.

Vanquished Creatures
  A worm (D:2)
  A bat (D:1)
  A giant cockroach (D:1)
  A giant newt (D:1)
  5 goblins (D:1)
  2 kobolds (D:1)
  4 rats (D:1)
15 creatures vanquished.

Vanquished Creatures (others)
  4 toadstools (D:1)
4 creatures vanquished.

Grand Total: 19 creatures vanquished

Notes
Turn   | Place    | Note
--------------------------------------------------------------
     0 | D:1      | GlassEater the Merfolk Ice Elementalist began the quest for the Orb.
     0 | D:1      | Reached XP level 1. HP: 13/13 MP: 3/3
   330 | D:1      | Reached XP level 2. HP: 13/19 MP: 1/5
  1131 | D:2      | Noticed Terence
  1141 | D:2      | Slain by Terence

Vault maps used:
D:1:      ldierk_walled_garden_2
D:2:      grunt_temple_overflow_magic_moments, guppyfry_early_lair_pool,
          uniq_crazy_yiuf_cottage, uniq_terence

Skill      XL: |  1 |
---------------+----+-----
Dodging        | 3 |  3.1
Stealth        | |  2.2
Spellcasting   | |  2.2
Conjurations   | |  0.7
Ice Magic      | |  3.8

Action                   || total
-------------------------++-------
Melee: Rapier            ||    10
       Dagger            ||     2
 Cast: Freeze            ||    28
  Use: Scroll            ||     3
Armor: Robe              ||     3
Dodge: Dodged            ||    12
